 Dungeon Crawl Stone Soup version 0.28.0-45-g0d030f2227 (webtiles) character file.

Game seed: 15359892405717909390

61 pkoi the Gusty (level 3, -6/16 HPs)
             Began as a Spriggan Air Elementalist on Apr 10, 2022.
             Killed by divine providence
             ... invoked by an orc priest
              (11 damage)
             ... on level 3 of the Dungeon.
             The game lasted 00:02:34 (3404 turns).

pkoi the Gusty (Spriggan Air Elementalist)          Turns: 3404, Time: 00:02:34

Health: -6/16      AC:  3    Str:  4    XL:     3   Next: 83%
Magic:  1/9        EV: 17    Int: 18    God:
Gold:   42         SH:  0    Dex: 15    Spells: 7/9 levels left

rFire   . . .      SeeInvis +   i - +0 short sword
rCold   . . .      Faith    .   (no shield)
rNeg    . . .      Spirit   .   a - +1 robe
rPois   .          Reflect  .   (helmet restricted)
rElec   .          Harm     .   (no cloak)
rCorr   .          Rampage  .   (gloves unavailable)
Will    .....                   (boots unavailable)
Stlth   ++........              (no amulet)
HPRegen 0.05/turn               (no ring)
MPRegen 0.11/turn               (no ring)

@: very quick
A: very small, no large weapons, unfitting armour, see invisible, speed 3
a: no special abilities


You were on level 3 of the Dungeon.
You visited 1 branch of the dungeon, and saw 3 of its levels.

You collected 42 gold pieces.

Inventory:

Hand Weapons
 i - a +0 short sword (weapon)
Armour
 a - a +1 robe (worn)
Magical Staves
 c - a staff of death
Jewellery
 b - a ring of willpower
 e - a ring of ice
Potions
 d - a potion of flight
 f - a potion of brilliance {unknown}
 g - a potion of haste {unknown}
 h - a potion of curing


   Skills:
 - Level 2.6 Dodging
 - Level 3.0 Stealth
 + Level 3.6 Spellcasting
 - Level 0.6 Conjurations
 + Level 1.4 Translocations
 * Level 3.7 Air Magic


You had 7 spell levels left.
You knew the following spells:

 Your Spells              Type           Power      Damage    Failure   Level
a - Shock                 Conj/Air       44%        1d5       6%          1
b - Apportation           Tloc           16%        N/A       9%          1

Your spell library contained the following spells:

 Spells                   Type           Power      Damage    Failure   Level
 Static Discharge         Conj/Air       11%        N/A       10%         2
 Swiftness                Air            16%        N/A       10%         3
 Airstrike                Air            8%         N/A       32%         4
 Stone Arrow              Conj/Erth      8%         3d7       38%         3
 Animate Armour           Summ/Erth      6%         N/A       83%         4
 Lehudib's Crystal Spear  Conj/Erth      2%         10d2      100%        8


Dungeon Overview and Level Annotations

Branches:
Dungeon (3/15)

Altars:
Hepliaklqana
Kikubaaqudgha


Innate Abilities, Weirdness & Mutations

You are very small and have problems with some larger weapons.
You are too small for most types of armour.
You have supernaturally acute eyesight. (SInv)
You cover ground extremely quickly. (Speed+++)


Message History

The orc wizard casts a spell at you.
You are confused.
You're too confused to cast spells.
Unknown command.
You're too confused to cast spells.
Unknown command.
You hit the orc wizard but do no damage.
The orc wizard is almost dead.
The orc wizard hits you with a +0 dagger.
* * * LOW HITPOINT WARNING * * *
The orc priest looks satisfied for a moment.
You bump into the rock wall.
The orc wizard hits you with a +0 dagger.
* * * LOW HITPOINT WARNING * * *
You bump into the rock wall.
The orc wizard completely misses you.
A quokka comes into view.
You're too confused to move!
The orc barely misses you. The orc wizard misses you.
You hit the orc wizard but do no damage.
The orc wizard is almost dead.
The orc misses you.
The orc wizard hits you but does no damage.
Your magical contamination has completely faded away.
You're too confused to move!
You feel less confused. The orc barely misses you.
The orc wizard hits you with a +0 dagger.
* * * LOW HITPOINT WARNING * * *
Aiming: Shock (safe; 6% risk of failure)
Press: ? - help, Q - select action, (/) - cycle Shift-Dir - straight line, f/p - orc wizard
Aim: an orc wizard, wielding a +0 dagger and wearing a +0 robe (almost dead, 60% to hit)
The zap misses the orc.
The zap hits the orc wizard.
The orc wizard is almost dead.
The zap misses the quokka.
The orc hits you with a +0 short sword.
* * * LOW HITPOINT WARNING * * *
The orc priest invokes the aid of Beogh against you.
Beogh smites you!
Ouch! That really hurt!
You die...

...## ... #.
...#####....##... #.
..##⌠.⌠##....##..
#.##..#.....#.....#..
..#..#.._..#.._..#.#
#.#..#.....#.... #..
#####....##....##⌠. ##..
.###...#o.#..##....#####...
.).).⌠o.o.@...##.....##...#
.###..r###...8.##.((##.8..#
#### #......##)##.....#
#................#
#...#######.##.#.# ##..#
#....#.# #..# ####.#.#
#..##########.#.#
##............#


You could see an orc priest, an orc wizard, an orc and a quokka.

Vanquished Creatures
  A worm (D:2)
  4 dart slugs
  2 orcs (D:3)
  A ball python (D:1)
  4 endoplasms
  A giant cockroach (D:1)
  5 goblins
  4 hobgoblins
  6 jackals (D:1)
  3 kobolds
  A quokka (D:1)
  4 bats
  5 frilled lizards
  5 rats
46 creatures vanquished.

Notes
Turn   | Place    | Note
-------+----------+-------------------------------------------
     0 | D:1      | pkoi the Spriggan Air Elementalist began the quest for the
                  | Orb.
     0 | D:1      | Reached XP level 1. HP: 9/9 MP: 5/5
   358 | D:1      | Reached XP level 2. HP: 13/13 MP: 2/7
   685 | D:1      | Found a faded altar of an unknown god.
   688 | D:1      | Got Plato's Disquisition on the Voyage
   691 | D:1      | Learned a level 1 spell: Apportation
  1141 | D:1      | Reached XP level 3. HP: 16/16 MP: 0/8
  1815 | D:1      | Reached skill level 1 in Translocations
  2224 | D:2      | Found a hazy altar of Hepliaklqana.
  3257 | D:3      | Found a faded altar of an unknown god.
  3262 | D:3      | Found an ancient bone altar of Kikubaaqudgha.
  3404 | D:3      | Killed from afar by an orc priest

Illustrated notes

Levels and vault maps discovered:
D:1:      giann_bridges, layout_basic, shapermc_ecumenical_altar_rom_forum,
          dk_noncrumbling_4, minmay_tetromino_t4
D:2:      layout_loops_corners, basic_altar, hex_large,
          kennysheep_generic_room_6
D:3:      layout_basic, nicolae_overflow_ecumenical_swirl, elyvilon_altar_1

Skill      XL: |  1  2  3 |
---------------+----------+-----
Air Magic      | 3 |  3.7
Spellcasting   | 3 |  3.6
Translocations | 1 |  1.4
Dodging        | |  2.6
Stealth        | |  3.0
Conjurations   | |  0.6

Action                   || total
-------------------------++-------
Melee: Short sword       ||     2
 Cast: Shock             ||   106
  Use: Scroll            ||     5
Armor: Robe              ||     1
Dodge: Dodged            ||    22
